 Dungeon Crawl Stone Soup version 0.25-a0-24-g72dcfe0359 (webtiles) character file.

Game seed: 16923136610952973701, levelgen mode: deterministic

858 Chimkentus the Charmwright (level 8, 0/52 HPs)
             Began as an Octopode Skald on Oct 17, 2019.
             Slain by a sky beast (6 damage)
             ... on level 6 of the Dungeon.
             The game lasted 00:27:40 (4727 turns).

Chimkentus the Charmwright (Octopode Skald)         Turns: 4727, Time: 00:27:40

Health: 0/52       AC:  1    Str: 13    XL:     8   Next: 2%
Magic:  17/22      EV: 14    Int: 15    God:
Gold:   131        SH:  7    Dex: 11    Spells: 5/13 levels left

rFire    . . .     SeeInvis .   a - +0 falchion
rCold    + . .     Gourm    .   A - +3 buckler
rNeg     . . .     Faith    +   (helmet restricted)
rPois    .         Spirit   .   q - amulet of faith
rElec    .         Reflect  .   u - ring of magical power
rCorr    .         Harm     .   v - ring of protection from cold
MR       +....                  F - ring of protection from magic
Stlth    ++........             (no ring)
HPRegen  0.17/turn              (no ring)
MPRegen  0.18/turn              (no ring)
                                (no ring)
                                (no ring)

@: infused
A: almost no armour, stealthy swim, amphibious, 8 rings, constrict 8, camouflage
1, gelatinous body 1
a: no special abilities


You were on level 6 of the Dungeon.
You were hungry.

You visited 1 branch of the dungeon, and saw 7 of its levels.

You collected 228 gold pieces.
You spent 97 gold pieces at shops.

Inventory:

Hand Weapons
 a - a +0 falchion (weapon)
 n - a +1 flail of crushing
 x - a +0 dagger of electrocution
Missiles
 d - 110 stones
 e - 63 arrows
 f - 2 javelins
 m - 16 sling bullets
 z - 2 throwing nets (quivered)
 D - 18 poisoned darts
Armour
 A - a +3 buckler (worn)
 G - a +0 large shield
Jewellery
 q - an amulet of faith (around mantle)
 u - a ring of magical power (left tentacle)
 v - a ring of protection from cold (right tentacle)
 F - a ring of protection from magic (on tentacle)
Wands
 o - a wand of flame (17)
Scrolls
 j - 3 scrolls of blinking
 k - 2 scrolls of immolation
 l - 3 scrolls of remove curse
 t - 2 scrolls of magic mapping
 y - a scroll of amnesia {unknown}
 B - a scroll of fog {unknown}
 C - 2 scrolls of teleportation
 E - a scroll of torment {unknown}
 I - a scroll of identify
Potions
 b - a potion of berserk rage {unknown}
 g - a potion of degeneration
 h - 3 potions of mutation
 i - 3 potions of flight
 p - 2 potions of brilliance
 r - a potion of agility {unknown}
 s - a potion of lignification {unknown}
 H - a potion of ambrosia {unknown}
Comestibles
 c - 18 rations


   Skills:
 + Level 3.1 Fighting
 + Level 4.2 Long Blades
 + Level 3.7 Dodging
 - Level 0.9 Stealth
 * Level 2.2 Shields
 + Level 3.3 Spellcasting
 * Level 5.9 Charms
 + Level 1.4 Translocations


You had 5 spell levels left.
You knew the following spells:

 Your Spells              Type           Power        Failure   Level  Hunger
a - Infusion              Chrm           ###.         2%          1    None
b - Song of Slaying       Chrm           ###.....     3%          2    ##.....
c - Shroud of Golubria    Chrm/Tloc      ##....       8%          2    ##.....
d - Regeneration          Chrm/Necr      ##........   22%         3    ###....

Your spell library contained the following spells:

 Spells                   Type           Power        Failure   Level  Hunger
 Spectral Weapon          Hex/Chrm       ##......     22%         3    ###....


Dungeon Overview and Level Annotations

Branches:
Dungeon (7/15)
 Temple: D:4-7

Altars:
Xom

Shops:
D:4 ?(:

Annotations:
D:4 3 runed translucent doors, Arixos's ghost, amateur GnWz; Dycilia's ghost, amateur HOFi


Innate Abilities, Weirdness & Mutations

You cannot wear most types of armour.
You are very stealthy in the water. (Stealth+)
You are amphibious.
You can wear up to eight rings at the same time.
You can use your tentacles to constrict eight enemies at once.
Your skin changes colour to match your surroundings (Stealth+).
Your rubbery body absorbs attacks. (AC +1, EV +1)


Message History

The sky beast is lightly wounded.
The sky beast barely misses you.
You hit the sky beast! Your squeeze misses the sky beast.
The sky beast is moderately wounded.
The sky beast hits you. The sky beast shocks you.
Your shield prevents you from hitting the sky beast.
Your squeeze misses the sky beast.
The sky beast is moderately wounded.
The sky beast flickers out of sight!
Deactivating autopickup; reactivate with Ctrl-A.
Something hits you. Something shocks you.
You closely miss something. Something hits you. Something shocks you.
You hit something! You squeeze something. Something hits you.
* * * LOW HITPOINT WARNING * * *
Something shocks you.
* * * LOW HITPOINT WARNING * * *
You miss something. Something hits you.
* * * LOW HITPOINT WARNING * * *
Something shocks you.
You die...

#.............# #..........#
#.............# ##############
#.............# #.....
#.............############.....
#.>......................'.....
#..............###########.....
##############.# #..... #.#
###### #@# #{# #.# #.#
..............# ...Y......[..O#
..............# #####.........#
#.........#


There were no monsters in sight!

Vanquished Creatures
  A big kobold (D:6)
  A bullfrog (D:6)
  A scorpion (D:6)
  A centaur zombie (D:5)
  A crimson imp (D:6)
  A bullfrog skeleton (D:6)
  3 orc priests
  2 hounds
  2 orc wizards (D:5)
  2 iguanas
  Natasha (thrice) (D:2)
  4 worker ants
  A hound zombie (D:6)
  A worker ant zombie (D:6)
  An adder (D:2)
  4 gnolls (D:5)
  An ooze (D:2)
  An adder skeleton (D:5)
  3 dart slugs
  3 leopard geckos (D:1)
  8 orcs
  5 bats
  7 giant cockroaches
  3 goblins
  2 hobgoblins (D:1)
  12 jackals
  10 kobolds
  2 quokkas
  2 ball pythons
  5 frilled lizards
  A leopard gecko skeleton (D:4)
  3 rats
97 creatures vanquished.

Vanquished Creatures (others)
  A withered plant (D:4)
1 creature vanquished.

Grand Total: 98 creatures vanquished

Notes
Turn   | Place    | Note
-------+----------+-------------------------------------------
     0 | D:1      | Chimkentus the Octopode Skald began the quest for the Orb.
     0 | D:1      | Reached XP level 1. HP: 14/14 MP: 3/3
   136 | D:1      | Reached XP level 2. HP: 19/19 MP: 1/5
   140 | D:1      | Learned a level 2 spell: Song of Slaying
   143 | D:1      | Learned a level 2 spell: Shroud of Golubria
   345 | D:1      | Reached XP level 3. HP: 20/24 MP: 3/6
   903 | D:2      | Reached skill level 4 in Charms
   961 | D:2      | Noticed Natasha
   995 | D:2      | Killed Natasha
   995 | D:2      | Reached XP level 4. HP: 10/30 MP: 1/7
  1225 | D:2      | Noticed Natasha
  1562 | D:3      | Reached XP level 5. HP: 34/35 MP: 0/8
  1873 | D:3      | Learned a level 3 spell: Regeneration
  1883 | D:2      | Killed Natasha
  1956 | D:2      | Noticed Natasha
  1970 | D:2      | Killed Natasha
  2223 | D:4      | Found Pikax's Book Emporium.
  2365 | D:4      | Found Resy's Weapon Boutique.
  2398 | D:4      | Found Ojuhix's Magic Scroll Shoppe.
  2401 | D:4      | Bought a scroll of magic mapping for 45 gold pieces
  2401 | D:4      | Bought a scroll of identify for 26 gold pieces
  2401 | D:4      | Bought a scroll of identify for 26 gold pieces
  2443 | D:4      | Reached XP level 6. HP: 41/41 MP: 2/9
  2567 | D:4      | Found a runed translucent gate.
  2567 | D:4      | Found a runed translucent gate.
  2567 | D:4      | Found a runed translucent gate.
  2571 | D:4      | Noticed Arixos's ghost (amateur GnWz)
  2571 | D:4      | Noticed Dycilia's ghost (amateur HOFi)
  2579 | D:5      | Entered Level 5 of the Dungeon
  2872 | D:5      | Reached skill level 1 in Translocations
  2982 | D:5      | Reached skill level 5 in Charms
  2993 | D:5      | Reached XP level 7. HP: 28/46 MP: 11/11
  3169 | D:5      | Found a shimmering altar of Xom.
  3171 | D:5      | Found a shimmering altar of Xom.
  3171 | D:5      | Found a shimmering altar of Xom.
  3182 | D:5      | Reached skill level 1 in Shields
  3593 | D:5      | Found a shimmering altar of Xom.
  3593 | D:5      | Found a shimmering altar of Xom.
  3593 | D:5      | Found a shimmering altar of Xom.
  4413 | D:6      | Reached XP level 8. HP: 27/52 MP: 13/13
  4727 | D:6      | Slain by a sky beast

Levels and vault maps discovered:
D:1:      matt_arrival_diagonals, layout_basic
D:2:      layout_loops_cross, uniq_natasha
D:3:      layout_basic
D:4:      layout_rooms, gammafunk_ghost_cemetery, serial_shops,
          nicolae_shop_window_shopping,
          nicolae_shop_temple_entry_statues_fountains, shop
D:5:      layout_loops_ring, first_ration, xom_redecorated
D:6:      layout_basic
D:7:      layout_loops_ring, bloody_makhleb, minmay_temple_entry_slanted,
          grunt_ministairs_9, uniq_joseph

Skill      XL: |  1  2  3  4  5  6  7 |
---------------+----------------------+-----
Charms         | 4 5 |  5.9
Dodging        | 3 |  3.7
Long Blades    | 3 4 |  4.2
Translocations | 1 |  1.4
Fighting       | 3 |  3.1
Spellcasting   | 3 |  3.3
Shields        | 2 |  2.2
Stealth        | |  0.9

Action                   |  1- 3 |  4- 6 |  7- 9 || total
-------------------------+-------+-------+-------++-------
Melee: Falchion          |    48 |    94 |    71 ||   213
       Constrict         |    12 |    37 |    19 ||    68
       Tentacles         |     5 |    16 |    14 ||    35
Throw: Stone             |       |     1 |       ||     1
 Cast: Infusion          |    20 |    17 |    10 ||    47
       Shroud of Golubri |     6 |    17 |    13 ||    36
       Song of Slaying   |       |     2 |     2 ||     4
  Use: Scroll            |     1 |     8 |     3 ||    12
 Stab: Sleeping          |    10 |     5 |       ||    15
  Eat: Chunk             |     1 |     8 |     6 ||    15
Armor: Skin              |     2 |     5 |     4 ||    11
Dodge: Dodged            |    24 |    56 |    40 ||   120
Block: Buckler           |       |     4 |    20 ||    24
       Rpst.: Falchion   |     4 |    24 |    11 ||    39

Table legend:
 A = Non-vault XP
 B = Vault XP
 C = Vault XP percentage of total XP
 D = Non-vault monster count
 E = Vault monster count
 F = Vault count percentage of total count
                 A         B        C        D         E       F
            +---------+---------+-------+---------+---------+-------
      Total |    1192 |      35 |   2.9 |      96 |       1 |   1.0
            +---------+---------+-------+---------+---------+-------
        D:1 |      46 |       0 |   0.0 |      22 |       0 |   0.0
        D:2 |     107 |      35 |  24.6 |      14 |       1 |   6.7
        D:3 |      72 |       0 |   0.0 |      16 |       0 |   0.0
        D:4 |      76 |       0 |   0.0 |       8 |       0 |   0.0
        D:5 |     397 |       0 |   0.0 |      20 |       0 |   0.0
        D:6 |     494 |       0 |   0.0 |      16 |       0 |   0.0
            +---------+---------+-------+---------+---------+-------
